 Dungeon Crawl Stone Soup version 0.32-a0-5-gbffa963729 (webtiles) character file.

Game seed: 7630439868045805729

57 Inarius the Ducker (level 4, 0/31 HPs)
             Began as an Octopode Fighter on Jan 13, 2024.
             Killed from afar by a dart slug (4 damage)
             ... with a slug dart
             ... on level 2 of the Dungeon.
             The game lasted 00:00:53 (981 turns).

Inarius the Ducker (Octopode Fighter)                Turns: 981, Time: 00:00:54

Health: 0/31       AC:  1    Str: 17    XL:     4   Next: 0%
Magic:  4/4        EV: 13    Int: 10    God:
Gold:   46         SH:  4    Dex: 11    Spells: 3/3 levels left

rFire   . . .        a - +0 war axe
rCold   . . .        b - +0 buckler
rNeg    . . .        (helmet restricted)
rPois   .            (no amulet)
rElec   .            (no ring)
rCorr   .            (no ring)
SInv    .            (no ring)
Will    .....        (no ring)
Stlth   +++          (no ring)
HPRegen 0.25/turn    (no ring)
MPRegen 0.09/turn    (no ring)
                     (no ring)

%: no passive effects
@: no status effects
A: almost no armour, amphibious, 8 rings, camouflage 1, gelatinous body 1,
(nimble swimmer 1), tentacles
a: no special abilities


You were on level 2 of the Dungeon.
You visited 1 branch of the dungeon, and saw 2 of its levels.

You collected 46 gold pieces.

Inventory:

Hand Weapons
 a - a +0 war axe (weapon)
Armour
 b - a +0 buckler (worn)
Scrolls
 d - 2 scrolls of teleportation {unknown}
 e - a scroll of torment {unknown}
 g - 3 scrolls of fear {unknown}
 h - a scroll of enchant weapon {unknown}
Potions
 c - a potion of might
 f - a potion of brilliance {unknown}


   Skills:
 + Level 3.4 Fighting
 + Level 2.7 Axes
 + Level 3.4 Dodging
 + Level 1.7 Stealth
 + Level 3.2 Shields


You had 3 spell levels left.
You didn't know any spells.
Your spell library was empty.

Dungeon Overview and Level Annotations

Branches:
Dungeon (2/15)

Altars:

Annotations:
D:2 Natasha


Innate Abilities, Weirdness & Mutations

You cannot wear most types of armour.
You are amphibious.
You can wear up to eight rings at the same time.
Your skin changes colour to match your surroundings (Stealth+).
Your rubbery body absorbs attacks. (AC +1, EV +1)
((You are camouflaged when in or above water. (Stealth+)))
You have tentacles for arms and can constrict up to eight enemies at once.


Message History

You are too injured to fight recklessly!
You are too injured to fight recklessly!
You are too injured to fight recklessly!
You are too injured to fight recklessly!
You are too injured to fight recklessly!
You are too injured to fight recklessly!
You are too injured to fight recklessly!
You are too injured to fight recklessly!
You are too injured to fight recklessly!
You are too injured to fight recklessly!
You are too injured to fight recklessly!
You are too injured to fight recklessly!
Unknown command.
You barely miss Natasha.
Natasha is lightly wounded.
You hit the hobgoblin. You completely miss the dart slug.
You constrict Natasha.
You feel sick. Natasha barely misses you. The hobgoblin closely misses you.
The dart slug barely misses you.
Unknown command.
You barely miss Natasha.
You tentacle-slap Natasha, but do no damage.
Natasha is moderately wounded.
You hit the hobgoblin.
You kill the hobgoblin!
You slash the dart slug! You constrict Natasha.
You feel sick.
You are no longer poisoned.
Natasha stares at you and mumbles some strange words.
The magic dart hits you.
* * * LOW HITPOINT WARNING * * *
The dart slug bites you.
* * * LOW HITPOINT WARNING * * *
Natasha misses you.
You have reached level 4!
You hit Natasha.
Natasha is severely wounded.
You hit the dart slug but do no damage. You constrict Natasha.
Natasha barely misses you. The dart slug launches a dart at you.
The slug dart hits you.
You die...

#.#####.###
#.........#
############
#########.#
#..........# #.#
#..........#
#.###..........#
#..##..........#
##.............#
###...........#
#....@h.....#
##...(w.....#
#..........#
#..........#
###(!.######
###.# %. ...


You could see Natasha and a dart slug.

Vanquished Creatures
  2 dart slugs (D:1)
  4 ball pythons
  4 bats (D:1)
  6 endoplasms
  4 giant cockroaches
  3 goblins
  5 hobgoblins
  7 jackals (D:1)
  4 kobolds
  A quokka (D:2)
  2 frilled lizards
  3 rats
45 creatures vanquished.

Notes
Turn   | Place    | Note
-------+----------+-------------------------------------------
     0 | D:1      | Inarius the Octopode Fighter began the quest for the Orb.
     0 | D:1      | Reached XP level 1. HP: 16/16 MP: 1/1
   137 | D:1      | Reached XP level 2. HP: 21/21 MP: 2/2
   342 | D:1      | Reached XP level 3. HP: 26/26 MP: 3/3
   524 | D:1      | Reached skill level 1 in Stealth
   971 | D:2      | Noticed Natasha
   981 | D:2      | Reached XP level 4. HP: 3/31 MP: 4/4
   981 | D:2      | Killed from afar by a dart slug

Illustrated notes

Levels and vault maps discovered:
D:1:      ldierk_walled_garden, layout_loops_corners
D:2:      layout_basic, uniq_natasha

Skill      XL: |  1  2  3 |
---------------+----------+-----
Stealth        | 1 |  1.7
Fighting       | |  3.4
Axes           | |  2.7
Dodging        | |  3.4
Shields        | |  3.2

Action                     |  1- 3 |  4- 6 || total
---------------------------+-------+-------++-------
  Melee: War axe           |    66 |     1 ||    67
         Constrict         |    16 |       ||    16
         Tentacles         |    11 |       ||    11
         Punch             |     1 |       ||     1
   Stab: Sleeping          |    19 |       ||    19
 Armour: Skin              |    23 |     1 ||    24
  Dodge: Dodged            |    31 |     1 ||    32
  Block: Buckler           |    11 |       ||    11

Table legend: (Time is in decaauts)
 A = Elapsed time spent in this place.
 B = Non-inter-level travel time spent in this place.
 C = Inter-level travel time spent in this place.
 D = Time resting spent in this place.
 E = Time spent auto-exploring this place.
 F = Levels seen in this place.
 G = Mean time per level.
                   A        B        C        D        E       F      G
               +--------+--------+--------+--------+--------+-----+--------+
         Total |   1008 |    975 |     33 |     30 |    688 |   2 |  504.0 |
       Dungeon |   1008 |    975 |     33 |     30 |    688 |   2 |  504.0 |
               +--------+--------+--------+--------+--------+-----+--------+

Top non-repeatable levels by time:
     D:1: 840 daAuts
     D:2: 168 daAuts
